 Dungeon Crawl Stone Soup version 0.24.0-1-gfbc8707122 (webtiles) character file.

Game seed: 5028759066185495565, levelgen mode: deterministic

27500 Fingolfin the Cardsharp (level 13, -2/89 (90) HPs)
             Began as a Halfling Fire Elementalist on Oct 26, 2019.
             Was a High Priest of Nemelex Xobeh.
             Splashed by an acid blob's acid (9 damage)
             ... on level 6 of the Lair of Beasts.
             The game lasted 01:17:00 (21895 turns).

Fingolfin the Cardsharp (HaFE)                     Turns: 21895, Time: 01:17:01

HP:   -2/89 (90)    AC:  6    Str: 13    XL:     13   Next: 66%
MP:   29/31         EV: 13    Int: 17    God:    Nemelex Xobeh [*****.]
Gold: 516           SH: 12    Dex: 16    Spells: 10/15 levels left

rFire    + . .     SeeInvis .   a - +11 short sword of Otiopra {flame, Int+4}
rCold    . . .     Gourm    .   T - +2 shield {AC+3}
rNeg     . . .     Faith    +   N - +2 scale mail {rF+}
rPois    .         Spirit   .   (no helmet)
rElec    +         Reflect  .   (no cloak)
rCorr    .         Harm     .   D - +0 pair of gloves
MR       .....                  s - +0 pair of boots
Stlth    +.........             Q - amulet of faith
HPRegen  0.24/turn              V - ring "Zymeucom" {rElec MP+9}
MPRegen  0.22/turn              c - +3 ring of protection

@: corroded
A: small, mutation resistance 1
a: Draw Escape, Draw Destruction, Draw Summoning, Draw Stack, Triple Draw, Deal
Four, Stack Five, Renounce Religion


You were on level 6 of the Lair of Beasts.
You worshipped Nemelex Xobeh.
Nemelex Xobeh was extremely pleased with you.
You were not hungry.

You visited 2 branches of the dungeon, and saw 14 of its levels.
You also visited: Volcano.

You collected 780 gold pieces.
You spent 264 gold pieces at shops.

Inventory:

Hand Weapons
 a - the +11 short sword of Otiopra (weapon) {flame, Int+4}
   (You found it on level 1 of the Lair of Beasts)

   It has been specially enchanted to burn those struck by it, causing extra
   injury to most foes and up to half again as much damage against particularly
   susceptible opponents.
   It affects your intelligence (+4).
 b - a +1 hunting sling of flaming
Missiles
 f - 20 poisoned darts
 h - 6 curare-tipped darts
 G - 98 sling bullets
 O - 7 atropa-tipped darts
 S - 458 stones (quivered)
Armour
 m - a +0 chain mail of magic resistance
 s - a +0 pair of boots (worn)
 A - the +1 ring mail of Dithmenos {Str+7 Int+3}
   (You found it on level 5 of the Dungeon)

   It affects your strength (+7).
   It affects your intelligence (+3).
 D - a +0 pair of gloves (worn)
 N - a +2 scale mail of fire resistance (worn)
 T - a +2 shield of protection (worn)
Jewellery
 c - a +3 ring of protection (right hand)
 Q - an amulet of faith (around neck)
 V - the ring "Zymeucom" (left hand) {rElec MP+9}
   (You found it on level 1 of the Lair of Beasts)

   [ring of magical power]

   It insulates you from electricity.
   It affects your magic capacity (+9).
Wands
 v - a wand of acid (4)
 x - a wand of iceblast (13)
 E - a wand of random effects (20)
 J - a wand of clouds (4)
 L - a wand of flame (4)
 M - a wand of digging (12)
 P - a wand of disintegration (17)
 U - a wand of enslavement (8)
Scrolls
 g - 4 scrolls of fog
 n - 3 scrolls of enchant weapon
 p - 7 scrolls of immolation
 q - 5 scrolls of amnesia
 u - 2 scrolls of magic mapping
 y - 4 scrolls of teleportation
 z - 3 scrolls of enchant armour {unknown}
 B - a scroll of acquirement {unknown}
 H - a scroll of holy word {unknown}
 R - 2 scrolls of remove curse
 X - a scroll of torment {unknown}
Potions
 e - 2 potions of mutation
 i - 4 potions of flight
 j - a potion of experience {unknown}
 k - 4 potions of brilliance
 l - 5 potions of might
 o - 4 potions of resistance
 r - 4 potions of magic
 t - a potion of berserk rage {unknown}
 w - 5 potions of heal wounds
 C - 3 potions of lignification
 F - 7 potions of curing
 I - 2 potions of invisibility {unknown}
 K - a potion of agility
Comestibles
 d - 25 rations


   Skills:
 + Level 9.4 Fighting
 - Level 11.5(12.0) Short Blades
   Level 4.7(7.9) Long Blades
 - Level 8.0 Slings
 - Level 6.0 Armour
 - Level 6.0 Dodging
 - Level 2.1 Stealth
 - Level 6.0 Shields
 - Level 1.5 Spellcasting
 - Level 0.7 Conjurations
 - Level 3.0 Fire Magic
 - Level 12.5 Invocations
 - Level 4.0 Evocations


You had 10 spell levels left.
You knew the following spells:

 Your Spells              Type           Power        Failure   Level  Hunger
a - Flame Tongue          Conj/Fire      #....        83%         1    ##.....
c - Conjure Flame         Conj/Fire      #.......     99%         3    ####...
t - Apportation           Tloc           #.....       97%         1    ##.....

Your spell library contained the following spells:

 Spells                   Type           Power        Failure   Level  Hunger
 Throw Flame              Conj/Fire      #.....       92%         2    ###....
 Animate Skeleton         Necr           N/A          97%         1    ##.....
 Confusing Touch          Hex            #.....       97%         1    ##.....
 Infusion                 Chrm           #...         97%         1    ##.....
 Summon Butterflies       Summ           #.......     97%         1    ##.....
 Summon Small Mammal      Summ           #...         97%         1    ##.....
 Shroud of Golubria       Chrm/Tloc      #.....       99%         2    ###....
 Song of Slaying          Chrm           #.......     99%         2    ###....
 Inner Flame              Hex/Fire       #.......     99%         3    ####...
 Lesser Beckoning         Tloc           #.........   100%        3    ####...
 Recall                   Summ/Tloc      N/A          100%        3    ####...
 Regeneration             Chrm/Necr      #.........   100%        3    ####...
 Spectral Weapon          Hex/Chrm       #.......     100%        3    ####...
 Tukima's Dance           Hex            #.......     100%        3    ####...
 Sticky Flame             Conj/Fire      #.......     100%        4    #####..
 Alistair's Intoxication  Tmut/Pois      #.......     100%        5    ######.
 Aura of Abjuration       Summ           #.........   100%        5    ######.
 Fireball                 Conj/Fire      #.........   100%        5    ######.
 Irradiate                Conj/Tmut      #.........   100%        5    ######.
 Summon Demon             Summ           #.........   100%        5    ######.
 Summon Forest            Summ/Tloc      #.........   100%        5    ######.
 Summon Mana Viper        Hex/Summ       #.......     100%        5    ######.
 Hydra Form               Tmut           #.........   100%        6    #######
 Invisibility             Hex            #.......     100%        6    #######
 Shadow Creatures         Summ           N/A          100%        6    #######
 Statue Form              Tmut/Erth      #........    100%        6    #######
 Dragon Form              Tmut           #.........   100%        7    #######


Dungeon Overview and Level Annotations

Branches:
Dungeon (8/15)             Temple (0/1) D:5            Lair (6/6) D:8
 Shoals (0/4) Lair:3       Spider (0/4) Lair:3        Slime (0/5) Lair:5
Volcano (visited)

Altars:
Ashenzari
Elyvilon
Gozag
Makhleb
Nemelex Xobeh
Qazlal
Ru
Vehumet
Wu Jian
Xom
Yredelemnul

Shops:
D:6 !

Annotations:
D:6 3 runed translucent doors, orehx's ghost, novice MiFi


Innate Abilities, Weirdness & Mutations

You are small and have problems with some larger weapons.
You are somewhat resistant to further mutation.


Message History

The azure jelly hits something but does no damage. x2
The acid blob spits acid at you. The splash of acid hits you!
You are splashed with acid!
* * * LOW HITPOINT WARNING * * *
The azure jelly completely misses Fingolfin's illusion.
The azure jelly barely misses Fingolfin's illusion.
The azure jelly hits Fingolfin's illusion but does no damage. x2
You draw... (choose one card, ? for their descriptions) a - Degeneration
b - the Orb c - Vitriol You have drawn the Orb.
Press: ? - help, Shift-Dir - straight line, f - acid blob
Aim: an acid blob (severely wounded)
The acid blob spits acid at you. The splash of acid hits you!
* * * LOW HITPOINT WARNING * * *
The acid corrodes you!
You are splashed with acid!
You die...
Your body glows with a rainbow of weird colours and disappears.

.....#P...........# ##
.P................# .#
..................##.
....................#
...............P....
..........#.....P..#
.P....P..........#.##
.................*J.###
................@.....###
........................##
.......................J.##
<...............v.###.#@..####
.P.................###.#.....####
PP................## ####........
..PP..............# #####J...
#..P...........P.## ###..
................## ##...


You could see an acid blob, an azure jelly, a friendly fire vortex and the
friendly Fingolfin's illusion.

Vanquished Creatures
  A death ooze (Lair:6)
  A hydra (Lair:5)
  Sonja (Lair:5)
  A necromancer (Lair:4)
  4 black mambas
  4 elephants (Lair:4)
  Joseph (D:8)
  3 spiny frogs
  8 komodo dragons
  2 rime drakes
  A red devil (Volcano)
  A hornet (D:8)
  9 blink frogs
  6 hippogriffs
  23 yaks
  A basilisk (Lair:3)
  An acid dragon (D:8)
  13 water moccasins
  5 hell hounds
  11 porcupines
  A black bear (Lair:5)
  A phantom (D:7)
  2 ogres
  2 sky beasts
  6 necrophages (Lair:3)
  An eye of draining (D:8)
  12 wolves
  4 centaurs
  12 crocodiles
  7 bullfrogs
  6 scorpions
  A killer bee (Lair:5)
  3 electric eels
  4 crimson imps
  A bullfrog zombie (D:7)
  3 orc priests
  2 jellies
  A bullfrog skeleton (D:7)
  7 orc wizards
  2 iguanas
  A polar bear simulacrum (Lair:4)
  5 worker ants
  2 wolf simulacra (Lair:4)
  5 yak simulacra (Lair:4)
  A hound skeleton (D:4)
  6 gnolls
  10 adders
  2 shadow imps
  6 oozes
  An adder zombie (D:7)
  3 adder skeletons
  8 worms
  7 dart slugs (D:6)
  5 leopard geckos
  33 orcs
  4 bats
  4 giant cockroaches
  11 goblins
  7 hobgoblins
  5 jackals
  4 kobolds (D:1)
  5 quokkas
  A ball python (D:4)
  5 frilled lizards
  A quokka skeleton (D:6)
  A quokka zombie (D:8)
  6 rats
  3 river rat simulacra (Lair:4)
  2 fungi (Lair:6)
329 creatures vanquished.

Vanquished Creatures (collateral kills)
  A death ooze (Lair:6)
  A great orb of eyes (Lair:6)
  A hydra (Lair:1)
  A two-headed ogre (D:8)
  A sun demon (Volcano)
  A spiny frog (Lair:6)
  A molten gargoyle (Lair:6)
  A komodo dragon (D:8)
  A red devil (Volcano)
  A blink frog (Lair:5)
  Sigmund (D:6)
  A steam dragon (Lair:6)
  Grum (D:8)
  2 wolves (D:8)
  An ogre (D:6)
  A bullfrog (D:8)
  A gnoll shaman (D:6)
  3 jellies (Lair:6)
  3 gnolls (D:6)
  2 oozes (Lair:6)
  A fungus (Lair:1)
27 creatures vanquished.

Vanquished Creatures (others)
  A basilisk (Lair:6)
  A hell hound (Lair:6)
  An orc priest (D:6)
  12 fungi
  4 plants
19 creatures vanquished.

Grand Total: 375 creatures vanquished

Notes
Turn   | Place    | Note
-------+----------+-------------------------------------------
     0 | D:1      | Fingolfin the Halfling Fire Elementalist began the quest
                  | for the Orb.
     0 | D:1      | Reached XP level 1. HP: 11/11 MP: 3/3
   295 | D:1      | Reached skill level 1 in Fighting
   295 | D:1      | Reached XP level 2. HP: 2/18 MP: 0/4
   941 | D:1      | Reached XP level 3. HP: 24/24 MP: 0/5
  1087 | D:1      | Learned a level 3 spell: Conjure Flame
  1803 | D:2      | Found an ornate altar of the Wu Jian Council.
  2106 | D:2      | Reached XP level 4. HP: 30/30 MP: 6/6
  3648 | D:3      | Reached XP level 5. HP: 13/37 MP: 7/7
  4995 | D:3      | Reached skill level 1 in Armour
  5178 | D:3      | Noticed a bullfrog
  5197 | D:3      | Killed a bullfrog
  5197 | D:3      | Reached XP level 6. HP: 35/43 MP: 8/8
  5455 | D:3      | Found a sparkling altar of Nemelex Xobeh.
  5458 | D:3      | Found a shimmering altar of Xom.
  5460 | D:3      | Became a worshipper of Nemelex Xobeh the Trickster
  5489 | D:3      | Received a gift from Nemelex Xobeh
  5500 | D:3      | Found a burning altar of Makhleb.
  5500 | D:3      | Found a radiant altar of Vehumet.
  6290 | D:3      | Reached XP level 7. HP: 34/48 MP: 9/9
  6655 | D:4      | Found a shattered altar of Ashenzari.
  6878 | D:5      | Entered Level 5 of the Dungeon
  6919 | D:5      | Got an obsidian-encrusted ring mail
  6930 | D:5      | Identified the +1 ring mail of Dithmenos {Str+7 Int+3} (You
                  | found it on level 5 of the Dungeon)
  6994 | D:5      | Found a stormy altar of Qazlal.
  7036 | D:5      | Reached skill level 1 in Invocations
  7367 | D:5      | Found a basalt altar of Yredelemnul.
  7441 | D:5      | Reached skill level 2 in Invocations
  7571 | D:5      | Found a staircase to the Ecumenical Temple.
  7744 | D:5      | Reached * piety under Nemelex Xobeh
  7755 | D:5      | Reached skill level 3 in Invocations
  7786 | D:5      | Reached skill level 4 in Invocations
  7906 | D:5      | Received a gift from Nemelex Xobeh
  8167 | D:6      | Reached XP level 8. HP: 46/54 MP: 11/11
  8290 | D:6      | Noticed Sigmund
  8434 | D:6      | Reached skill level 5 in Invocations
  8464 | D:6      | Killed Sigmund
  8464 | D:6      | Reached skill level 6 in Invocations
  8838 | D:6      | Reached skill level 1 in Evocations
  8902 | D:6      | Reached ** piety under Nemelex Xobeh
  8902 | D:6      | Received a gift from Nemelex Xobeh
  8904 | D:6      | Found a runed translucent gate.
  8904 | D:6      | Found a runed translucent gate.
  8904 | D:6      | Found a runed translucent gate.
  8905 | D:6      | Noticed orehx's ghost (novice MiFi)
  8905 | D:6      | Identified the +2 whip of the Eel {venom, Str+4}
  9293 | D:6      | Found Ajong's Distillery.
  9296 | D:6      | Bought a potion of lignification for 36 gold pieces
  9296 | D:6      | Bought a potion of curing for 36 gold pieces
  9296 | D:6      | Bought a potion of agility for 48 gold pieces
  9296 | D:6      | Bought a potion of degeneration for 12 gold pieces
  9296 | D:6      | Bought a potion of might for 48 gold pieces
  9296 | D:6      | Bought a potion of might for 48 gold pieces
  9296 | D:6      | Bought a potion of curing for 36 gold pieces
  9723 | D:7      | Reached XP level 9. HP: 34/59 MP: 9/13
  9919 | D:7      | Reached skill level 5 in Fighting
 10003 | D:7      | Found a sacrificial altar of Ru.
 10611 | D:7      | Found a white marble altar of Elyvilon.
 10676 | D:7      | Reached skill level 1 in Long Blades
 11502 | D:8      | Received a gift from Nemelex Xobeh
 11518 | D:8      | Found a staircase to the Lair.
 11581 | D:8      | Noticed Grum
 11603 | D:8      | Killed Grum
 11705 | D:8      | Reached *** piety under Nemelex Xobeh
 11731 | D:8      | Noticed a rime drake
 11731 | D:8      | a hog changed into a rime drake
 11731 | D:8      | Noticed a hornet
 11731 | D:8      | a hog changed into a hornet
 11760 | D:8      | Killed a rime drake
 11996 | D:8      | Killed a hornet
 12256 | D:8      | Noticed a two-headed ogre
 12268 | D:8      | Killed a two-headed ogre
 12268 | D:8      | Reached skill level 7 in Invocations
 12268 | D:8      | Reached XP level 10. HP: 39/69 MP: 10/15
 12437 | D:8      | Noticed Joseph
 12460 | D:8      | Killed Joseph
 12460 | D:8      | Reached skill level 8 in Invocations
 12551 | D:8      | Found an opulent altar of Gozag.
 12743 | D:8      | Received a gift from Nemelex Xobeh
 12743 | D:8      | Noticed a komodo dragon
 12774 | D:8      | Killed a komodo dragon
 12774 | D:8      | Reached skill level 1 in Slings
 13205 | Lair:1   | Entered Level 1 of the Lair of Beasts
 13351 | D:8      | Reached skill level 5 in Slings
 13554 | Lair:1   | Noticed a six-headed hydra
 13568 | Lair:1   | Killed a six-headed hydra
 13918 | Lair:1   | Reached XP level 11. HP: 55/77 MP: 17/17
 13951 | Lair:1   | Reached skill level 1 in Shields
 14444 | Lair:1   | Reached skill level 5 in Armour
 14444 | Lair:1   | Reached skill level 5 in Dodging
 14660 | Lair:1   | Got a scorched lead ring
 14865 | Lair:1   | Got a smoking short sword
 14866 | Lair:1   | Identified the +11 short sword of Otiopra {flame, Int+4}
                  | (You found it on level 1 of the Lair of Beasts)
 14900 | Lair:1   | Reached skill level 1 in Short Blades
 15374 | Lair:2   | Received a gift from Nemelex Xobeh
 15574 | Lair:2   | Reached skill level 5 in Shields
 15735 | Lair:2   | Reached **** piety under Nemelex Xobeh
 15915 | Lair:2   | Identified the ring "Zymeucom" {rElec MP+9} (You found it
                  | on level 1 of the Lair of Beasts)
 16037 | Lair:3   | Received a gift from Nemelex Xobeh
 16348 | Lair:3   | Reached skill level 5 in Short Blades
 16541 | Lair:3   | Reached XP level 12. HP: 82/83 MP: 18/18
 16568 | Lair:3   | Received a gift from Nemelex Xobeh
 16576 | Lair:3   | Found a hole to the Spider Nest.
 16673 | Lair:3   | Found a staircase to the Shoals.
 17055 | Lair:3   | Received a gift from Nemelex Xobeh
 17602 | Lair:4   | Reached skill level 9 in Invocations
 18065 | Lair:4   | Reached ***** piety under Nemelex Xobeh
 18338 | Lair:4   | Reached skill level 10 in Invocations
 18503 | Lair:4   | Received a gift from Nemelex Xobeh
 18965 | Lair:5   | Found a dark tunnel.
 18974 | Volcano  | Entered a volcano
 19034 | Volcano  | Noticed a sun demon
 19043 | Volcano  | Killed a sun demon
 19076 | Volcano  | Received a gift from Nemelex Xobeh
 19406 | Lair:5   | Reached skill level 11 in Invocations
 19506 | Lair:5   | Learned a level 1 spell: Apportation
 19898 | Lair:5   | Reached XP level 13. HP: 88/88 MP: 21/21
 19924 | Lair:5   | Received a gift from Nemelex Xobeh
 20048 | Lair:5   | Reached skill level 12 in Invocations
 20096 | Lair:5   | Noticed Sonja
 20099 | Lair:5   | Killed Sonja
 20099 | Lair:5   | Reached skill level 10 in Short Blades
 20404 | Lair:5   | Found a staircase to the Slime Pits.
 20549 | Lair:5   | Received a gift from Nemelex Xobeh
 20585 | Lair:5   | Noticed a six-headed hydra
 20601 | Lair:5   | Killed a six-headed hydra
 20859 | Lair:6   | Entered Level 6 of the Lair of Beasts
 21314 | Lair:6   | Received a gift from Nemelex Xobeh
 21398 | Lair:6   | HP: 4/89 [molten gargoyle/bolt of magma (25)]
 21505 | Lair:6   | Noticed a death ooze
 21510 | Lair:6   | Noticed a death ooze
 21521 | Lair:6   | Noticed a great orb of eyes
 21531 | Lair:6   | Killed a death ooze
 21542 | Lair:6   | Killed a great orb of eyes
 21542 | Lair:6   | Noticed a death ooze
 21571 | Lair:6   | Killed a death ooze
 21868 | Lair:6   | Noticed an azure jelly
 21869 | Lair:6   | Identified the +2 long sword of the Manifold Lives {slice,
                  | Fragile rF+ Str+6 Dex+3}
 21870 | Lair:6   | Noticed an acid blob
 21895 | Lair:6   | Splashed by an acid blob's acid

Levels and vault maps discovered:
D:1:      erik_arrival_gehennom, layout_basic
D:2:      layout_basic, overflow_temple_1_default
D:3:      layout_basic, grunt_temple_overflow_lords_of_destruction,
          grunt_temple_overflow_open, first_ration, grunt_ministairs_6
D:4:      layout_basic, ashenzari_conservatory_becter, serial_corexii_hall,
          chequers_hall_statues_wall_a, corexii_hall_statues_t
D:5:      layout_basic, yredelemnul_altar_generic, grunt_qazlal_clouds,
          minmay_temple_entry_water_ring
D:6:      kennysheep_slugbush, layout_cave_pools, gammafunk_ghost_nasty_kobolds,
          serial_shops, kennysheep_mini, hangedman_abyss_or_decor_lesser_grid,
          chequers_serial_rivers_small_3, uniq_sigmund
D:7:      layout_loops_corners, marbit_many_paths, lemuel_crystal_altar,
          serial_rivers, chequers_serial_rivers_micro_e,
          chequers_serial_rivers_small_a, chequers_serial_rivers_micro_b,
          chequers_serial_rivers_small_a, chequers_serial_rivers_small_a,
          chequers_serial_rivers_micro_e, serial_park_tiny_1
D:8:      layout_loops_ring, overflow_temple_1_default, david_lair_shrubbed,
          enter_ossuary_5, grunt_livestock, uniq_grum, uniq_joseph
Lair:1:   layout_loops_ring, st_stairs_6, small_statue_intersection
Lair:2:   layout_cave_pods, infiniplex_staircase_pool
Lair:3:   layout_roguey, minmay_shoals_entry_centaurs,
          nicolae_spider_entry_non_spiders, roderic_carrion_pond
Lair:4:   layout_cave_pods, eino_house_with_fridge
Lair:5:   layout_regular_city, slime_dummy, enter_volcano_2,
          chequers_serial_rivers_micro_e, uniq_sonja
Lair:6:   cheibrodos_lair_end_hotspot, layout_gridlike, special_room
          [special_room_jelly], nicolae_quartered_pool_medium,
          serial_bayou_shore_b

Skill      XL: |  1  2  3  4  5  6  7  8  9 10 11 12 13 |
---------------+----------------------------------------+-----
Fighting       | 1 2 3 4 6 8 9 |  9.4
Armour         | 2 3 4 6 |  6.0
Dodging        | 3 4 6 |  6.0
Invocations    | 4 6 7 8 11 12 | 12.5
Evocations     | 4 |  4.0
Long Blades    | 4 |  4.7
Slings         | 8 |  8.0
Shields        | 6 |  6.0
Short Blades   | 5 9 11 | 11.5
Stealth        | |  2.1
Spellcasting   | |  1.5
Conjurations   | |  0.7
Fire Magic     | |  3.0

Action                   |  1- 3 |  4- 6 |  7- 9 | 10-12 | 13-15 || total
-------------------------+-------+-------+-------+-------+-------++-------
Melee: Unarmed           |    14 |       |       |       |       ||    14
       Dagger            |   130 |   235 |       |       |       ||   365
       Falchion          |       |    81 |   298 |       |       ||   379
       Flail             |       |   180 |   284 |   158 |       ||   622
       Short sword       |       |       |       |   453 |   197 ||   650
 Fire: Hunting sling     |       |       |       |    26 |       ||    26
Throw: Stone             |     8 |    12 |       |       |       ||    20
 Cast: Flame Tongue      |    17 |       |       |       |       ||    17
Invok: Triple Draw       |       |       |     1 |       |     1 ||     2
       Stack Five        |       |       |       |     1 |       ||     1
       Deal Four         |       |       |       |       |     1 ||     1
 Abil: Draw Destruction  |       |       |    17 |     4 |    11 ||    32
       Draw Summoning    |       |       |     5 |     4 |     5 ||    14
       Draw Escape       |       |       |       |     1 |     1 ||     2
Evoke: Wand              |       |       |       |     2 |    13 ||    15
  Use: Scroll            |       |     5 |     6 |     4 |       ||    15
       Potion            |       |       |     1 |     2 |       ||     3
 Stab: Sleeping          |     4 |       |     3 |       |       ||     7
       Distracted        |       |       |     1 |     1 |       ||     2
  Eat: Chunk             |     4 |     9 |    16 |    22 |     6 ||    57
       Ration            |       |     2 |     1 |     1 |       ||     4
Armor: Robe              |     4 |       |       |       |       ||     4
       Leather armour    |     5 |       |       |       |       ||     5
       Chain mail        |    60 |   288 |     9 |       |       ||   357
       Ring mail         |       |       |   217 |   144 |    15 ||   376
       Scale mail        |       |       |       |       |    10 ||    10
Dodge: Dodged            |    69 |   174 |   304 |   216 |    54 ||   817
Block: Shield            |       |       |   211 |   288 |    75 ||   574
       Rpst.: Falchion   |       |     8 |    48 |       |       ||    56
